 Dungeon Crawl Stone Soup version 0.19.1 (webtiles) character file.

86 Banto the Insei (level 4, -4/38 HPs)
             Began as a Naga Transmuter on Dec 14, 2016.
             Killed by divine providence
             ... invoked by an orc priest
              (16 damage)
             ... on level 3 of the Dungeon.
             The game lasted 00:02:30 (1585 turns).

Banto the Insei (Naga Transmuter)                   Turns: 1585, Time: 00:02:30

Health: -4/38      AC:  2    Str: 12    XL:     4   Next: 49%
Magic:  0/7        EV: 10    Int: 14    God:
Gold:   142        SH:  0    Dex: 12    Spells: 2 memorised, 4 levels left

rFire  . . .     SeeInvis +       - Unarmed
rCold  . . .     Gourm    .     b - +0 robe
rNeg   . . .     Faith    .     (no shield)
rPois  +         Spirit   +     (no helmet)
rElec  .         Reflect  .     (no cloak)
rCorr  .         Harm     .     (no gloves)
MR     .....                    (no barding)
Stlth  +.........               e - amulet of guardian spirit
                                (no ring)
                                (no ring)

@: short of breath, very slow
A: see invisible, deformed body, poison resistance, slowness 2, slow metabolism
1, spit poison 1, AC +1
a: Spit Poison


You were on level 3 of the Dungeon.
You were hungry.

You visited 1 branch of the dungeon, and saw 3 of its levels.

You collected 142 gold pieces.

Inventory:

Missiles
 a - 9 arrows
Armour
 b - a +0 robe (worn)
 k - a +0 helmet
Jewellery
 e - an amulet of guardian spirit (around neck)
Scrolls
 h - a scroll of remove curse
 n - a scroll of identify
Potions
 f - 2 potions of heal wounds
 j - a potion of agility
 l - a potion of flight
Books
 c - a book of Changes

   Spells                             Type                      Level
   a - Beastly Appendage              Transmutation                1
   b - Sticks to Snakes               Transmutation                2
   c - Spider Form                    Transmutation/Poison         3
   d - Ice Form                       Ice/Transmutation            4
   e - Blade Hands                    Transmutation                5
Comestibles
 d - a bread ration
 g - a beef jerky
 m - 2 chunks of flesh


   Skills:
 - Level 1.0 Fighting
 - Level 1.5 Dodging
 + Level 4.2 Unarmed Combat
 - Level 2.0 Spellcasting
 + Level 3.5 Transmutations


You had 4 spell levels left.
You knew the following spells:

 Your Spells              Type           Power        Failure   Level  Hunger
a - Beastly Appendage     Tmut           ##....       6%          1    ##.....
b - Sticks to Snakes      Tmut           ##......     10%         2    ###....


Dungeon Overview and Level Annotations

Branches:
Dungeon (3/15)

Altars:
Ashenzari
Elyvilon


Innate Abilities, Weirdness & Mutations

You cannot wear boots.
Your serpentine skin is tough. (AC +1)
You have supernaturally acute eyesight. (SInv)
Armour fits poorly on your strangely shaped body.
Your system is resistant to poisons. (rPois)
You cover ground very slowly.
You have a slow metabolism.
You can spit poison.


Message History

The orc priest hits your ball python with a club!
Your ball python dies!
The hobgoblin hits you with a club.
The orc priest shouts!
You take 1 damage, and have 19/38 hp.
You hit the orc priest but do no damage.
The orc priest is almost dead.
You hear a shout! x2
The orc priest hits you with a club. The hobgoblin hits you with a club.
* * * LOW HITPOINT WARNING * * *
You take 8 damage, and have 11/38 hp.
MASSIVE DAMAGE!!
You now have 0/7 mp.
You closely miss the orc priest.
The orc priest is almost dead.
The orc priest misses you.
You barely miss the orc priest.
The orc priest is almost dead.
The hobgoblin hits you but does no damage.
The orc priest calls down the wrath of Beogh upon you.
Beogh smites you!
You die... ### ..# .. # ##.# .## #..# o.o

# ##g# .. .
#.##.@####.#(...
#.....o......o..
#..#.#####...#g>
#..#.# #.#
#..#.# .. #..#.#
. #..#.# #..#.#
#..#.#


You could see an orc priest and a hobgoblin.

Vanquished Creatures
  Jessica (D:2)
  2 adders (D:2)
  2 worms
  2 dart slugs (D:1)
  2 leopard geckos (D:2)
  4 bats
  A giant cockroach (D:2)
  3 goblins
  3 hobgoblins
  A quokka (D:2)
  A ball python (D:2)
  3 frilled lizards
  4 kobolds
  5 rats
34 creatures vanquished.

Notes
Turn   | Place    | Note
-------+----------+-------------------------------------------
     0 | D:1      | Banto the Naga Transmuter began the quest for the Orb.
     0 | D:1      | Reached XP level 1. HP: 18/18 MP: 3/3
   267 | D:1      | Reached XP level 2. HP: 22/25 MP: 5/5
   997 | D:2      | Reached XP level 3. HP: 31/31 MP: 6/6
  1076 | D:2      | Learned a level 2 spell: Sticks to Snakes
  1108 | D:2      | Noticed Jessica
  1111 | D:2      | Killed Jessica
  1111 | D:2      | Reached XP level 4. HP: 38/38 MP: 7/7
  1126 | D:2      | Reached skill level 4 in Unarmed Combat
  1153 | D:2      | Found a white marble altar of Elyvilon.
  1297 | D:2      | Found a shattered altar of Ashenzari.
  1585 | D:3      | Killed from afar by an orc priest

Skill      XL: |  1  2  3  4 |
---------------+-------------+-----
Transmutations | 3 |  3.5
Unarmed Combat | 4 |  4.2
Fighting       | |  1.0
Dodging        | |  1.5
Spellcasting   | |  2.0

Action                   |  1- 3 |  4- 6 || total
-------------------------+-------+-------++-------
Melee: Unarmed           |    25 |    38 ||    63
       Headbutt          |     4 |     2 ||     6
       Punch             |       |     1 ||     1
 Cast: Beastly Appendage |     3 |     1 ||     4
       Sticks to Snakes  |       |     3 ||     3
 Abil: Spit Poison       |    15 |    15 ||    30
  Use: Scroll            |     1 |     7 ||     8
 Stab: Sleeping          |     1 |       ||     1
  Eat: Chunk             |     1 |     2 ||     3
Armor: Robe              |     4 |    16 ||    20
Dodge: Dodged            |    16 |    24 ||    40

Table legend:
 A = Turns spent in this place as a percentage of turns spent in the entire game.
 B = Non-inter-level travel turns spent in this place as a percentage of non-inter-level travel turns spent in the entire game.
 C = Inter-level travel turns spent in this place as a percentage of turns spent in this place.
 D = Turns resting spent in this place as a percentage of non-inter-level travel turns spent in this place.
 E = Turns spent auto-exploring this place as a percentage of non-inter-level travel turns spent in this place.
 F = Non-inter-level travel turns spent in this place divided by the number of levels of this place that you've seen.
                   A       B       C       D       E      F
               +-------+-------+-------+-------+-------+----------------------
         Total | 100.0 | 100.0 |   0.6 |   1.1 |  19.4 | 116.7
       Dungeon | 100.0 | 100.0 |   0.6 |   1.1 |  19.4 | 116.7
               +-------+-------+-------+-------+-------+----------------------

Table legend:
 A = Kills in this place as a percentage of kills in entire the game.
 B = Kills by you in this place as a percentage of kills by you in the entire game.
 C = Kills by friends in this place as a percentage of kills by friends in the entire game.
 D = Other kills in this place as a percentage of other kills in the entire game.
 E = Experience gained in this place as a percentage of experience gained in the entire game.
 F = Experience gained in this place divided by the number of levels of this place that you have seen.
                   A       B       C       D       E      F
               +-------+-------+-------+-------+-------+----------------------
         Total | 100.0 | 100.0 |  -nan |  -nan | 100.0 |  41.0
       Dungeon | 100.0 | 100.0 |  -nan |  -nan | 100.0 |  41.0
               +-------+-------+-------+-------+-------+----------------------
